 Dungeon Crawl Stone Soup version 0.25-a0-426-g7d9e569eea (webtiles) character file.

Game seed: 6482653025283500349, levelgen mode: deterministic

422455 Epan the Scorcher (level 23, -16/130 HPs)
             Began as a Gargoyle Earth Elementalist on Jan 23, 2020.
             Was the Champion of Vehumet.
             Killed from afar by a frost giant (24 damage)
             ... with a bolt of cold
             ... on level 5 of the Vaults on Jan 25, 2020.
             The game lasted 03:25:13 (52715 turns).

Epan the Scorcher (Gargoyle Earth Elementalist)    Turns: 52715, Time: 03:25:13

Health: -16/130    AC: 27    Str: 14    XL:     23   Next: 74%
Magic:  22/46      EV: 18    Int: 41    God:    Vehumet [******]
Gold:   5000       SH:  0    Dex: 10    Spells: 4/51 levels left

rFire    + . .     SeeInvis +   w - +3 eudemon blade (holy)
rCold    . . .     Gourm    .   (no shield)
rNeg     + . .     Faith    .   Q - +2 robe {rF+}
rPois    ∞         Spirit   .   W - +0 hat {Int+3}
rElec    +         Reflect  .   g - +1 cloak
rCorr    .         Harm     .   o - +1 pair of gloves of the Tired Curses {+Blink Int+3}
MR       .....     Clarity  +   Y - +0 pair of boots of Mysticism {MR- Int+9}
Stlth    ++........             J - amulet of Moodiness {+Rage Int+2 Slay+3}
HPRegen  0.71/turn              y - ring of Ulalint {+Inv rElec MP+9 Slay+3}
MPRegen  0.30/turn              m - ring of see invisible

@: marked, flying, very slightly contaminated, slowed, studying Ice Magic, very
slow
A: big wings, talons 1, clarity, frail 1, low mp 1, negative energy resistance
1, regeneration 1, electricity resistance, unbreathing, evolution 1,
petrification resistance, rot immunity, AC +17
}: 2/15 runes: decaying, gossamer
a: Stop Flying, Renounce Religion, Evoke Blink, Evoke Berserk Rage, Evoke
Invisibility


You were on level 5 of the Vaults.
You worshipped Vehumet.
Vehumet was exalted by your worship.
You were not hungry.

You visited 8 branches of the dungeon, and saw 40 of its levels.
You visited the Abyss 3 times.
You also visited: Gauntlet.

You collected 7457 gold pieces.
You spent 2457 gold pieces at shops.

Inventory:

Hand Weapons
 w - a +3 eudemon blade of holy wrath (weapon)
Missiles
 b - 419 stones (quivered)
 E - 3 throwing nets
Armour
 g - a +1 cloak (worn)
 o - the +1 pair of gloves of the Tired Curses (worn) {+Blink Int+3}
   (You found it on level 4 of the Vaults)

   It affects your intelligence (+3).
   It lets you blink.
 Q - a +2 robe of fire resistance (worn)
 W - a +0 hat of intelligence (worn)
 Y - the +0 pair of boots of Mysticism (worn) {MR- Int+9}
   (You found it in a Gauntlet)

   It affects your intelligence (+9).
   It affects your resistance to hostile enchantments.
Magical Staves
 u - an uncursed staff of wizardry
 P - an uncursed staff of power
Jewellery
 f - an uncursed ring of protection from fire
 m - a ring of see invisible (right hand)
 y - the ring of Ulalint (left hand) {+Inv rElec MP+9 Slay+3}
   (You took it off a deep elf master archer on level 3 of the Elven Halls)

   [ring of magical power]

   It affects your accuracy and damage with ranged weapons and melee attacks
   (+3).
   It insulates you from electricity.
   It affects your magic capacity (+9).
   It lets you turn invisible.
 J - the amulet of Moodiness (around neck) {+Rage Int+2 Slay+3}
   (You found it on level 2 of the Elven Halls)

   [amulet of rage]

   It affects your intelligence (+2).
   It affects your accuracy and damage with ranged weapons and melee attacks
   (+3).
   It lets you go berserk.
 T - an uncursed ring of wizardry
Wands
 c - a wand of acid (5)
 k - a wand of scattershot (7)
 x - a wand of iceblast (42)
 M - a wand of clouds (3)
Scrolls
 e - 10 scrolls of identify
 l - a scroll of magic mapping
 r - 14 scrolls of remove curse
 s - 8 scrolls of blinking
 v - 9 scrolls of teleportation
 C - 3 scrolls of fog
 H - a scroll of summoning
 N - 2 scrolls of amnesia
Potions
 h - 5 potions of heal wounds
 i - 5 potions of might
 j - 4 potions of cancellation
 p - 3 potions of resistance
 q - 9 potions of curing
 t - 5 potions of invisibility
 F - 5 potions of agility
 G - a potion of berserk rage
 O - a potion of haste
 S - 2 potions of ambrosia
Books
 R - a manual of Ice Magic
Miscellaneous
 z - a fan of gales
 A - a lightning rod (4/4)
 B - a box of beasts
 D - a phial of floods
 Z - a phantom mirror
Comestibles
 d - 23 rations


   Skills:
 + Level 15.5 Fighting
 + Level 13.3 Long Blades
 - Level 6.0 Armour
 + Level 12.4 Dodging
 - Level 2.1 Stealth
 + Level 14.5 Spellcasting
 + Level 16.5 Conjurations
   Level 0.7 Transmutations
 * Level 18.4 Fire Magic
 + Level 18.3 Earth Magic
 - Level 6.0 Evocations


You had 4 spell levels left.
You knew the following spells:

 Your Spells              Type           Power        Failure   Level  Hunger
a - Sandblast             Erth           ######       0%          1    None
b - Stone Arrow           Conj/Erth      ######       0%          3    None
c - Lee's Rapid Deconstr  Erth           ########..   0%          5    None
d - Iron Shot             Conj/Erth      ########..   1%          6    None
e - Shatter               Erth           ########..   16%         9    ######.
f - Starburst             Conj/Fire      ########..   1%          6    None
g - Ignition              Fire           ########..   1%          8    #####..
h - Fire Storm            Conj/Fire      ########..   21%         9    ######.

Your spell library contained the following spells:

 Spells                   Type           Power        Failure   Level  Hunger
 Glaciate                 Conj/Ice       #######...   100%        9    ######.
 Foxfire                  Conj/Fire      ####         0%          1    None
 Magic Dart               Conj           ####         0%          1    None
 Searing Ray              Conj           ######       0%          2    None
 Conjure Flame            Conj/Fire      ########     0%          3    None
 Sticky Flame             Conj/Fire      ########     0%          4    None
 Animate Skeleton         Necr           N/A          1%          1    None
 Apportation              Tloc           ####..       1%          1    None
 Beastly Appendage        Tmut           #####.       1%          1    None
 Corona                   Hex            ####...      1%          1    None
 Infusion                 Chrm           ####         1%          1    None
 Shock                    Conj/Air       ####         1%          1    None
 Sting                    Tmut/Pois      ####         1%          1    None
 Summon Butterflies       Summ           ####....     1%          1    None
 Summon Small Mammal      Summ           ####         1%          1    None
 Corpse Rot               Necr/Air       N/A          1%          2    None
 Ensorcelled Hibernation  Hex/Ice        ####..       1%          2    None
 Passwall                 Tmut/Erth      #######.     1%          2    None
 Poisonous Vapours        Pois/Air       ####..       1%          2    None
 Sticks to Snakes         Tmut           #####...     1%          2    None
 Swiftness                Chrm/Air       ####....     1%          2    None
 Dazzling Flash           Conj/Hex       ######       1%          3    None
 Ignite Poison            Fire/Tmut/Pois ######..     1%          3    None
 Inner Flame              Hex/Fire       #######.     1%          3    None
 Static Discharge         Conj/Air       #######.     1%          3    None
 Fulminant Prism          Conj/Hex       #######...   1%          4    None
 Iskenderun's Mystic Bla  Conj/Tloc      #######.     1%          4    None
 Petrify                  Tmut/Erth      #######.     1%          4    None
 Spider Form              Tmut/Pois      ####......   2%          3    None
 Confusing Touch          Hex            ####....     3%          3    None
 Gell's Gravitas          Tloc           ####......   3%          3    None
 Lesser Beckoning         Tloc           ####......   3%          3    None
 Recall                   Summ/Tloc      N/A          3%          3    None
 Spectral Weapon          Hex/Chrm       ####....     3%          3    None
 Tukima's Dance           Hex            ####....     3%          3    None
 Airstrike                Air            ####......   3%          4    None
 Ice Form                 Ice/Tmut       ####....     9%          4    None
 Summon Ice Beast         Ice/Summ       ####....     11%         4    None
 Bolt of Magma            Conj/Fire/Erth ########..   0%          5    None
 Fireball                 Conj/Fire      ########..   0%          5    None
 Irradiate                Conj/Tmut      #######...   1%          5    None
 Iskenderun's Battlesphe  Conj/Chrm      #######.     1%          5    None
 Lightning Bolt           Conj/Air       #######...   1%          5    None
 Yara's Violent Unravell  Hex/Tmut       ####......   7%          5    None
 Ring of Flames           Chrm/Fire      #######...   21%         7    ###....
 Blade Hands              Tmut           #####.....   22%         5    None
 Alistair's Intoxication  Tmut/Pois      ####....     26%         5    None
 Metabolic Englaciation   Hex/Ice        ####......   28%         5    None
 Summon Forest            Summ/Tloc      ####......   28%         5    None
 Hydra Form               Tmut           #####.....   75%         6    None
 Eringya's Noxious Bog    Tmut/Pois      ####......   80%         6    None
 Invisibility             Hex            ####....     85%         6    None
 Summon Hydra             Summ           ####......   100%        7    ###....
 Dragon's Call            Summ           ####......   100%        9    ######.
 Tornado                  Air            ####......   100%        9    ######.
 Statue Form              Tmut/Erth      Unusable     N/A         6    N/A

Dungeon Overview and Level Annotations

Branches:
Dungeon (15/15)            Temple (1/1) D:4            Lair (6/6) D:11
  Swamp (4/4) Lair:3       Spider (4/4) Lair:3        Slime (0/5) Lair:6
    Orc (2/2) D:9             Elf (3/3) Orc:2        Vaults (5/5) D:13
  Crypt (0/3) Vaults:2     Depths (0/5) D:15        Gauntlet (visited)

Altars:
Cheibriados
Elyvilon
Gozag
Kikubaaqudgha
Trog
Uskayaw
Vehumet
Wu Jian
Xom
Zin
The Shining One
Beogh

Shops:
D:5 =   D:12 !   D:13 =   D:15 [   Orc:2 [*%%(   Elf:3 !   Vaults:2 !
Vaults:4 }

Portals:
Abyss: Spider:2
Trove: Vaults:3 (show abyssal rune of Zot)

Annotations:
Spider:2 2 transporters, MrRokkomies's ghost, adept SpAs
Orc:2 3 runed translucent doors, ReteAZ's ghost, journeyman MiAK
Elf:2 3 runed translucent doors
Vaults:1 1 runed translucent door, Esiny's ghost, adept HuFi


Innate Abilities, Weirdness & Mutations

You are resistant to torment.
Your stone body is resilient. (AC +17)
You are immune to poison.
Your large and strong wings let you fly indefinitely.
You resist negative energy. (rN+)
You are resistant to electric shocks. (rElec)
You can survive without breathing.
You are immune to petrification.
You are immune to rotting.
You have sharp toenails.
You possess an exceptional clarity of mind.
You are frail. (-10% HP)
Your magical capacity is low. (-10% MP)
Your natural rate of healing is unusually fast.
You evolve.


Message History

An ironheart preserver comes into view. It is wielding a +0 mace.
The frost giant is engulfed in poison gas.
The frost giant is poisoned.
The frost giant casts a spell at you. The bolt of cold hits you!!
The frost giant casts a spell at you.
The bolt of cold hits the frost giant.
The frost giant resists.
The bolt of cold hits you!!
You feel less invigorated.
You feel less confused.
The yaktaur captain is engulfed in poison gas.
The yaktaur captain is poisoned.
The yaktaur captain wields a +0 arbalest.
The yaktaur captain shoots a bolt.
The bolt hits you. The frost giant casts a spell at you.
The bolt of cold hits you!!!
* * * LOW HITPOINT WARNING * * *
The frost giant casts a spell at you. The bolt of cold hits you!!
You die...

#.).......
#.p#......
#)p#...##..
#cC#..## .
#cC#..#
#.°#...
#.°# ..
#.°# #°@#
#○.# #..#
#..# #..#
#..# #..#
#..#


You could see an ironheart preserver, 2 frost giants, a yaktaur captain, a vault
sentinel and a yaktaur.

Vanquished Creatures
  Mara (Spider:3)
  2 ancient liches (Vaults:5)
  Mennas (Vaults:3)
  Bai Suzhen (Swamp:3)
  2 golden dragons (Vaults:5)
  Jorgrun (Spider:3)
  5 tentacled monstrosities
  2 deep elf blademasters
  2 quicksilver dragons (Vaults:5)
  2 deep elf master archers (Elf:3)
  2 tentacled starspawn (Abyss:2)
  3 titans (Vaults:5)
  Frances (Swamp:2)
  An ancient champion (Vaults:2)
  A thorn hunter (Swamp:4)
  3 shadow dragons (Vaults:5)
  A tengu reaver (Vaults:5)
  2 storm dragons (Vaults:5)
  3 frost giants
  Roxanne (Swamp:3)
  4 fire giants
  An iron dragon (Vaults:5)
  6 deep elf sorcerers
  10 vault wardens
  4 ghost moths (Spider:4)
  Aizul (Spider:1)
  4 emperor scorpions (Spider:4)
  2 deep elf elementalists (Elf:3)
  7 very ugly things
  4 entropy weavers (Spider:4)
  3 war gargoyles (Vaults:5)
  8 ironheart preservers
  12 stone giants
  The ghost of Bikalo the Spry, a journeyman SpVM of Vehumet (Elf:2)
  9 deep elf annihilators
  A spark wasp (Spider:3)
  4 deep elf demonologists
  A minotaur (Gauntlet)
  4 ettins (Vaults:5)
  9 deep elf death magi
  A crystal guardian (Vaults:5)
  6 ogre magi
  3 fire dragons
  2 deep elf high priests
  4 great orbs of eyes
  Fannar (Lair:1)
  A rakshasa (Vaults:3)
  22 hydras
  13 yaktaur captains
  5 ice dragons
  Harold (D:8)
  24 vault guards (Vaults:5)
  3 shambling mangroves
  2 ghost crabs
  7 centaur warriors
  2 catoblepae
  A death knight (Vaults:2)
  13 dancing weapons
  An alligator (shapeshifter) (Vaults:5)
  2 deep troll shamans
  A vampire mage (Vaults:2)
  29 two-headed ogres
  3 tengu warriors
  16 alligators
  3 deep troll earth magi
  2 orc high priests
  A soul eater (Vaults:2)
  2 thrashing horrors (Abyss:2)
  A wretched star (Abyss:2)
  19 deep elf knights
  A fire crab (shapeshifter) (Vaults:4)
  3 skeletal warriors (Vaults:1)
  2 shadow wraiths
  A storm dragon skeleton (Abyss:2)
  2 glowing orange brains
  3 unseen horrors
  A glowing orange brain (shapeshifter) (Vaults:3)
  11 deep trolls
  2 flayed ghosts
  2 wizards
  12 swamp dragons
  2 spriggan druids (Swamp:4)
  20 deep elf archers
  A necromancer (Vaults:3)
  An obsidian statue (Gauntlet)
  3 phantasmal warriors
  4 harpies (Vaults:1)
  3 lindwurms (Swamp:4)
  17 ironbrand convokers
  A mana viper (shapeshifter) (Vaults:5)
  77 deep elf magi
  20 orb spiders
  A frost giant zombie (Vaults:3)
  3 large abominations
  44 wolf spiders
  An orb spider (shapeshifter) (Vaults:5)
  5 manticores
  2 oklob plants (Lair:3)
  13 orc knights
  31 ugly things
  A faun (shapeshifter) (Vaults:5)
  7 cyclopes
  A shining eye (shapeshifter) (Vaults:2)
  A salamander (shapeshifter) (D:14)
  An orc sorcerer (Vaults:3)
  A moth of wrath (Spider:3)
  16 elephants
  2 centaur zombies
  7 black mambas
  Maurice (D:8)
  An orange demon (Abyss:2)
  A smoke demon (Abyss:2)
  8 vault sentinels
  A torpor snail (Spider:1)
  9 rime drakes
  23 spiny frogs
  A minotaur zombie (Gauntlet)
  A kobold demonologist (D:13)
  5 freezing wraiths
  Maggie (Lair:4)
  A gargoyle (D:14)
  2 efreet
  10 demonic crawlers
  3 hellwings (Abyss:2)
  7 komodo dragons
  A human skeleton (Vaults:3)
  16 trolls
  50 yaktaurs
  10 tyrant leeches
  27 jumping spiders
  4 hornets (shapeshifter)
  3 polar bears (Lair:6)
  A shadow dragon simulacrum (Vaults:3)
  Prince Ribbit (D:8)
  22 hornets
  16 slime creatures
  13 hippogriffs
  3 small abominations (Abyss:2)
  15 blink frogs
  A stone giant simulacrum (Vaults:2)
  A snapping turtle (shapeshifter) (Elf:3)
  5 raiju
  3 bog bodies (Swamp:3)
  A dream sheep (Lair:6)
  A centaur simulacrum (D:15)
  2 tarantellas (shapeshifter) (Vaults:2)
  8 wyverns
  16 spriggans
  64 redbacks
  33 tarantellas
  2 water elementals (Elf:2)
  6 shadows
  27 yaks
  A fire elemental (Elf:1)
  2 wraiths
  A yak (shapeshifter) (Vaults:5)
  A vampire (D:12)
  2 ynoxinuls (Abyss:2)
  A basilisk (shapeshifter) (Vaults:2)
  A hog (shapeshifter) (D:14)
  A human (shapeshifter) (Vaults:4)
  A yaktaur simulacrum (Vaults:3)
  23 vampire mosquitoes
  13 basilisks
  2 steam dragons (Gauntlet)
  5 hungry ghosts
  A neqoxec (Abyss:2)
  10 swamp worms
  4 insubstantial wisps (Swamp:1)
  8 wargs
  15 water moccasins
  An acid dragon (Vaults:2)
  9 porcupines
  A hell hound (D:14)
  9 swamp drakes
  2 hornet zombies
  6 sky beasts
  36 orc warriors
  7 black bears
  3 eyes of draining
  42 ogres
  2 phantoms
  4 ice beasts
  An ogre (shapeshifter) (Vaults:5)
  4 boggarts (Lair:6)
  23 wolves
  21 centaurs
  16 crocodiles
  3 big kobolds
  18 bullfrogs
  A wyvern zombie (D:10)
  8 earth elementals
  3 scorpions
  12 killer bees
  18 wights
  3 howler monkeys (D:9)
  2 vampire bats (D:11)
  An electric eel (Spider:1)
  9 crimson imps
  A quasit (D:9)
  A bullfrog zombie (D:12)
  5 jellies
  5 hounds
  22 orc priests
  2 bullfrog skeletons
  Ijyb (D:4)
  6 centaur skeletons
  11 iguanas
  28 orc wizards
  8 worker ants
  2 hound skeletons
  A worker ant zombie (D:7)
  Robin (D:2)
  11 adders
  3 gnolls (D:10)
  4 shadow imps
  A white imp (Abyss:2)
  4 oozes
  2 adder zombies
  2 adder skeletons (D:4)
  A worm (D:2)
  2 dart slugs
  4 leopard geckos
  109 orcs
  2 ball pythons (D:2)
  4 giant cockroaches
  7 hobgoblins
  16 jackals
  2 quokkas
  12 bats
  8 frilled lizards
  16 goblins
  A jackal skeleton (D:4)
  20 kobolds
  An orc simulacrum (Abyss:2)
  A quokka skeleton (D:9)
  2 rats (D:1)
  3 crawling corpses (Elf:3)
  3 starspawn tentacles (Abyss:2)
1768 creatures vanquished.

Vanquished Creatures (collateral kills)
  The ghost of Kaes the Peltast, an adept MiFi of Okawaru (Elf:2)
  An ogre mage (Vaults:3)
  A vault sentinel (Vaults:5)
  A jumping spider (Spider:4)
  4 redbacks (Spider:4)
8 creatures vanquished.

Vanquished Creatures (others)
  2 hippogriffs
  A tarantella (Spider:3)
  A wyvern (D:14)
  A basilisk (D:14)
  A bush (Lair:6)
  12 fire vortices
  17 fungi
  6 plants (Lair:6)
  7 starspawn tentacles (Abyss:2)
48 creatures vanquished.

Grand Total: 1824 creatures vanquished

Notes
Turn   | Place    | Note
-------+----------+-------------------------------------------
     0 | D:1      | Epan the Gargoyle Earth Elementalist began the quest for
                  | the Orb.
     0 | D:1      | Reached XP level 1. HP: 10/10 MP: 3/3
   431 | D:1      | Reached XP level 2. HP: 15/15 MP: 3/5
   855 | D:1      | Reached XP level 3. HP: 15/19 MP: 6/6
   860 | D:1      | Learned a level 3 spell: Stone Arrow
  1631 | D:2      | Reached skill level 1 in Conjurations
  1715 | D:2      | Reached XP level 4. HP: 17/24 MP: 8/8
  1724 | D:2      | Noticed Robin
  1729 | D:2      | Killed Robin
  2645 | D:3      | Reached skill level 5 in Earth Magic
  2645 | D:3      | Reached XP level 5. HP: 25/28 MP: 4/9
  2652 | D:3      | Learned a level 5 spell: Lee's Rapid Deconstruction
  3015 | D:3      | Reached XP level 6. HP: 28/32 MP: 11/11
  3473 | D:4      | Noticed Ijyb
  3491 | D:4      | Killed Ijyb
  3582 | D:4      | Found a staircase to the Ecumenical Temple.
  3602 | D:4      | Noticed a phantom
  3608 | D:4      | Killed a phantom
  3799 | D:4      | Reached XP level 7. HP: 36/36 MP: 13/13
  4228 | D:5      | Entered Level 5 of the Dungeon
  4301 | Temple   | Entered the Ecumenical Temple
  4311 | Temple   | Became a worshipper of Vehumet
  4397 | D:5      | Found Pob Doun's Jewellery Shoppe.
  4775 | D:5      | Gained mutation: You do not regenerate when monsters are
                  | visible. [potion of mutation]
  4775 | D:5      | Gained mutation: You possess an exceptional clarity of
                  | mind. [potion of mutation]
  4775 | D:5      | Gained mutation: You can translocate small distances at
                  | will. [potion of mutation]
  4776 | D:5      | Lost mutation: You possess an exceptional clarity of mind.
                  | [potion of mutation]
  4776 | D:5      | Lost mutation: You can translocate small distances at will.
                  | [potion of mutation]
  4776 | D:5      | Gained mutation: You occasionally shout uncontrollably at
                  | your foes. [potion of mutation]
  4776 | D:5      | Gained mutation: You evolve. [potion of mutation]
  5070 | D:6      | Reached skill level 5 in Spellcasting
  5136 | D:6      | Reached skill level 5 in Conjurations
  5136 | D:6      | Reached XP level 8. HP: 24/41 MP: 11/15
  5539 | D:6      | Found a bloodstained altar of Trog.
  5690 | D:6      | Reached * piety under Vehumet
  5690 | D:6      | Offered knowledge of Shock by Vehumet.
  5953 | D:7      | Noticed a troll
  5958 | D:7      | Killed a troll
  5980 | D:7      | Reached XP level 9. HP: 39/45 MP: 6/18
  6088 | D:7      | Reached skill level 1 in Fighting
  6088 | D:7      | Reached skill level 1 in Armour
  6230 | D:7      | Reached skill level 1 in Long Blades
  6230 | D:7      | Reached skill level 1 in Evocations
  7209 | D:8      | Noticed Harold
  7236 | D:8      | Killed Harold
  7236 | D:8      | Reached XP level 10. HP: 14/56 MP: 20/20
  7583 | D:8      | Noticed Maurice
  7584 | D:8      | Paralysed by Maurice for 3 turns
  7599 | D:8      | Reached ** piety under Vehumet
  7599 | D:8      | Offered knowledge of Magic Dart by Vehumet.
  7609 | D:8      | Paralysed by Maurice for 3 turns
  7616 | D:8      | Killed Maurice
  7918 | D:8      | Noticed Prince Ribbit
  7926 | D:8      | Killed Prince Ribbit
  8272 | D:9      | Offered knowledge of Ignite Poison by Vehumet.
  8280 | D:9      | Lost mutation: You evolve. [end of evolution]
  8489 | D:9      | Reached *** piety under Vehumet
  8686 | D:9      | Noticed a deep elf mage
  8691 | D:9      | Killed a deep elf mage
  8896 | D:9      | Found a staircase to the Orcish Mines.
  8985 | D:9      | Reached skill level 10 in Earth Magic
  9221 | D:9      | Offered knowledge of Olgreb's Toxic Radiance by Vehumet.
  9307 | D:10     | Entered Level 10 of the Dungeon
  9475 | D:10     | Reached XP level 11. HP: 51/62 MP: 17/22
  9594 | D:10     | Reached **** piety under Vehumet
  9633 | D:10     | Reached skill level 5 in Fighting
  9771 | D:10     | Offered knowledge of Static Discharge by Vehumet.
 10015 | D:10     | Killed an unseen horror
 10358 | D:11     | Reached skill level 5 in Armour
 10556 | D:11     | Noticed a cyclops
 10557 | D:11     | Noticed a manticore
 10558 | D:11     | Noticed a purple ugly thing
 10566 | D:11     | Killed a cyclops
 10567 | D:11     | Killed a manticore
 10568 | D:11     | Killed a purple ugly thing
 10887 | D:11     | Found a staircase to the Lair.
 11187 | D:12     | Noticed a cyclops
 11194 | D:12     | Found Qiomam's Distillery.
 11205 | D:12     | Killed a cyclops
 11207 | D:12     | Noticed a two-headed ogre
 11215 | D:12     | Killed a two-headed ogre
 11215 | D:12     | Reached XP level 12. HP: 53/70 MP: 16/24
 11218 | D:12     | Reached ***** piety under Vehumet
 11301 | D:12     | Lost mutation: You occasionally shout uncontrollably at
                  | your foes. [potion of mutation]
 11301 | D:12     | Lost mutation: You do not regenerate when monsters are
                  | visible. [potion of mutation]
 11301 | D:12     | Gained mutation: Your magical capacity is low. (-10% MP)
                  | [potion of mutation]
 11301 | D:12     | Gained mutation: Your muscles are strong. (Str +2) [potion
                  | of mutation]
 11313 | D:12     | Bought 2 potions of heal wounds for 150 gold pieces
 11313 | D:12     | Bought a potion of curing for 45 gold pieces
 11313 | D:12     | Bought a potion of heal wounds for 75 gold pieces
 11313 | D:12     | Bought a potion of magic for 120 gold pieces
 11313 | D:12     | Bought 2 potions of invisibility for 240 gold pieces
 11418 | D:12     | Offered knowledge of Fireball by Vehumet.
 11418 | D:12     | Reached skill level 5 in Evocations
 11427 | D:12     | Learned a level 5 spell: Fireball
 11443 | D:12     | Reached skill level 5 in Dodging
 11606 | D:12     | Reached skill level 5 in Long Blades
 11671 | D:12     | Reached skill level 1 in Fire Magic
 12134 | D:13     | Found a gate to the Vaults.
 12134 | D:13     | Noticed an ironheart preserver
 12134 | D:13     | Noticed a two-headed ogre
 12148 | D:13     | Killed a two-headed ogre
 12167 | D:13     | Killed an ironheart preserver
 12350 | D:13     | Found Liedway's Jewellery Boutique.
 12432 | D:13     | Noticed a two-headed ogre
 12437 | D:13     | Killed a two-headed ogre
 12958 | D:13     | Reached XP level 13. HP: 76/76 MP: 17/23
 13545 | D:14     | Reached skill level 5 in Fire Magic
 13582 | D:14     | Reached skill level 10 in Conjurations
 13605 | D:14     | Offered knowledge of Bolt of Magma by Vehumet.
 13625 | D:14     | Learned a level 5 spell: Bolt of Magma
 13749 | D:14     | Identified the +1 leather armour "Dyschuqu" {rC+}
 14258 | D:14     | Gained mutation: Your large and strong wings let you fly
                  | indefinitely. [Gargoyle growth]
 14258 | D:14     | Reached XP level 14. HP: 58/84 MP: 4/24
 14573 | Lair:1   | Entered Level 1 of the Lair of Beasts
 14925 | Lair:1   | Identified the +4 robe of the Zebra {rPois} (You found it
                  | on level 1 of the Lair of Beasts)
 15005 | Lair:1   | Noticed Fannar
 15027 | Lair:1   | Found a snail-covered altar of Cheibriados.
 15057 | Lair:1   | Killed Fannar
 15276 | Lair:1   | Offered knowledge of Iskenderun's Battlesphere by Vehumet.
 16119 | Lair:3   | Found a staircase to the Swamp.
 16547 | Lair:3   | Found a hole to the Spider Nest.
 17078 | Lair:4   | Noticed Maggie
 17082 | Lair:4   | Killed Maggie
 17962 | Lair:4   | Offered knowledge of Iron Shot by Vehumet.
 18275 | Lair:5   | Reached skill level 10 in Spellcasting
 18283 | Lair:5   | Learned a level 6 spell: Iron Shot
 19075 | Lair:5   | Reached XP level 15. HP: 90/90 MP: 26/26
 19287 | Lair:6   | Entered Level 6 of the Lair of Beasts
 19737 | Lair:6   | Found a staircase to the Slime Pits.
 21730 | Orc:1    | Entered Level 1 of the Orcish Mines
 21740 | D:9      | Offered knowledge of Freezing Cloud by Vehumet.
 22109 | Orc:1    | Reached skill level 10 in Fire Magic
 22282 | Orc:1    | Found a roughly hewn altar of Beogh.
 22563 | Orc:2    | Entered Level 2 of the Orcish Mines
 22563 | Orc:2    | Found Japhurh Ozitz's Antique Armour Shop.
 22659 | Orc:2    | Found a staircase to the Elven Halls.
 22672 | Orc:2    | Found a gate leading to a gauntlet.
 22681 | Gauntlet | Entered a Gauntlet
 22681 | Gauntlet | Found a transporter.
 22681 | Gauntlet | Found a transporter.
 22695 | Gauntlet | Found a transporter.
 22697 | Gauntlet | Found a transporter.
 22705 | Gauntlet | Found a transporter.
 22709 | Gauntlet | Found a transporter.
 22718 | Gauntlet | Found a transporter.
 22737 | Gauntlet | Found a transporter.
 22755 | Gauntlet | Found a transporter.
 22759 | Gauntlet | Found a transporter.
 22767 | Gauntlet | Found a transporter.
 22771 | Gauntlet | Found a transporter.
 22990 | Gauntlet | Got a pair of fine boots
 23001 | Gauntlet | Identified the cursed +0 pair of boots of Mysticism {MR-
                  | Int+9} (You found it in a Gauntlet)
 23064 | Gauntlet | Reached skill level 10 in Fighting
 23635 | Orc:2    | Reached ****** piety under Vehumet
 23649 | Orc:2    | Found a runed translucent gate.
 23650 | Orc:2    | Found a runed translucent gate.
 23650 | Orc:2    | Found an opulent altar of Gozag.
 23666 | Orc:2    | Found a runed translucent gate.
 23725 | Orc:2    | Noticed ReteAZ's ghost (journeyman MiAK)
 23952 | Orc:2    | Reached XP level 16. HP: 36/97 MP: 27/27
 24102 | Orc:2    | Found Zorghyo's Assorted Antiques.
 24104 | Orc:2    | Found Inwoc's Food Emporium.
 24107 | Orc:2    | Found Rucwoli's Weapon Boutique.
 24119 | Orc:2    | Found Alimoihe's Food Emporium.
 24142 | Orc:2    | Offered knowledge of Orb of Destruction by Vehumet.
 24679 | D:15     | Entered Level 15 of the Dungeon
 24717 | D:14     | Upgraded the game from 0.25-a0-424-g80bd347ae0 to
                  | 0.25-a0-426-g7d9e569eea
 25879 | D:15     | Found Quen's Armour Boutique.
 26220 | D:15     | Found a staircase to the Depths.
 26704 | Elf:1    | Entered Level 1 of the Elven Halls
 27439 | Elf:1    | Cast into level 2 of the Abyss (a deep elf demonologist)
 27799 | Abyss:2  | Found a corrupted altar of Lugonu.
 27842 | Abyss:2  | Noticed a tentacled starspawn
 27854 | Abyss:2  | Offered knowledge of Starburst by Vehumet.
 27855 | Abyss:2  | Killed a tentacled starspawn
 27865 | Abyss:2  | Noticed a revenant
 27959 | Abyss:2  | Noticed a tentacled starspawn
 27972 | Abyss:2  | Killed a tentacled starspawn
 28148 | Elf:1    | Escaped the Abyss
 28352 | Elf:1    | Reached XP level 17. HP: 86/104 MP: 16/28
 28961 | Elf:1    | Identified the Disquisition on Summoning
 29005 | Elf:1    | Learned a level 6 spell: Starburst
 30234 | Elf:2    | Offered knowledge of Fire Storm by Vehumet.
 30234 | Elf:2    | Offered knowledge of Glaciate by Vehumet.
 30234 | Elf:2    | Offered knowledge of Ignition by Vehumet.
 30258 | Elf:2    | Learned a level 8 spell: Ignition
 30302 | Elf:2    | Cast into level 3 of the Abyss (a deep elf sorcerer)
 30331 | Elf:2    | Escaped the Abyss
 31114 | Elf:2    | Found a runed translucent gate.
 31114 | Elf:2    | Found a runed translucent gate.
 31115 | Elf:2    | Found a runed translucent gate.
 31497 | Elf:2    | Found a runed translucent gate.
 31497 | Elf:2    | Found a runed translucent gate.
 31498 | Elf:2    | Found a runed translucent gate.
 31499 | Elf:2    | Noticed Bikalo's ghost (journeyman SpVM)
 31499 | Elf:2    | Noticed Kaes's ghost (adept MiFi)
 31510 | Elf:2    | Killed Bikalo's ghost
 31538 | Elf:2    | Killed Kaes's ghost
 31663 | Elf:2    | Got a translucent jade amulet
 31664 | Elf:2    | Identified the amulet of Moodiness {+Rage Int+2 Slay+3}
                  | (You found it on level 2 of the Elven Halls)
 31888 | Elf:3    | Entered Level 3 of the Elven Halls
 32083 | Elf:3    | Found Teneomp's Distillery.
 32207 | Elf:3    | Bought a potion of heal wounds for 100 gold pieces
 32207 | Elf:3    | Bought a potion of cancellation for 160 gold pieces
 32207 | Elf:3    | Bought a potion of curing for 60 gold pieces
 32207 | Elf:3    | Bought a potion of heal wounds for 100 gold pieces
 32258 | Elf:3    | Noticed a Tzitzimitl
 32440 | Elf:3    | Cast into level 2 of the Abyss (a deep elf sorcerer)
 32607 | Elf:3    | Escaped the Abyss
 32643 | Elf:3    | Identified the +5 war axe of Qazlal {freeze, Str+2}
 32807 | Elf:3    | Identified the +5 flail of Calamity {pain, rF+ Stlth+}
 33188 | Elf:3    | Reached skill level 10 in Long Blades
 33188 | Elf:3    | Reached XP level 18. HP: 112/112 MP: 18/30
 33387 | Elf:3    | Identified the ring of Ulalint {+Inv rElec MP+9 Slay+3}
 33387 | Elf:3    | Noticed a deep elf master archer
 33397 | Elf:3    | Killed a deep elf master archer
 33421 | Elf:3    | Noticed a deep elf master archer
 33730 | Elf:3    | Noticed a deep elf blademaster
 33734 | Elf:3    | Identified the ring of the Orange Skies {*Contam rElec rC+
                  | MP+9 Stlth+}
 33735 | Elf:3    | Killed a deep elf blademaster
 33735 | Elf:3    | Reached skill level 15 in Earth Magic
 33735 | Elf:3    | Noticed a deep elf blademaster
 33789 | Elf:2    | Killed a deep elf blademaster
 34299 | Elf:3    | Identified the +5 quarterstaff of Subterfuge {antimagic,
                  | Str+6} (You took it off a deep elf mage on level 3 of the
                  | Elven Halls)
 34299 | Elf:3    | Identified the +2 robe of Wonder {Dex+2 SInv} (You took it
                  | off a deep elf mage on level 3 of the Elven Halls)
 34369 | Elf:3    | Killed a deep elf master archer
 34928 | Elf:3    | Identified the Compendium of Assistive Stones
 34935 | Elf:3    | Identified the +2 shield of the Planets {-Cast MP+9 Str+3}
                  | (You found it on level 3 of the Elven Halls)
 34971 | Elf:3    | Identified Tehorusa's Disquisition on Poison and Moulding
 35051 | Elf:3    | Identified the Handbook of Earthen Contamination
 35522 | Elf:3    | Found Teneomp's Distillery.
 35937 | Spider:1 | Entered Level 1 of the Spider Nest
 36566 | Spider:1 | Noticed Aizul
 36574 | Spider:1 | Killed Aizul
 37269 | Spider:2 | Noticed a profane servitor
 37587 | Spider:2 | Found a transporter.
 37606 | Spider:2 | Noticed MrRokkomies's ghost (adept SpAs)
 37607 | Spider:2 | Found a transporter.
 37654 | Spider:2 | Found a one-way gate to the infinite horrors of the Abyss.
 37727 | Spider:3 | Noticed Mara
 37781 | Spider:3 | Noticed Epan's illusion
 37805 | Spider:3 | Noticed Jorgrun
 37810 | Spider:3 | Killed Jorgrun
 37810 | Spider:3 | Reached skill level 10 in Dodging
 37810 | Spider:3 | Reached XP level 19. HP: 107/117 MP: 17/31
 38066 | Spider:3 | Killed Mara
 38193 | Spider:3 | Identified the +4 flail "Nuruk" {vorpal, +Fly rC+ MR++}
                  | (You found it on level 3 of the Spider Nest)
 38233 | Spider:4 | Entered Level 4 of the Spider Nest
 41296 | Spider:4 | Got a gossamer rune of Zot
 41469 | Swamp:1  | Entered Level 1 of the Swamp
 41508 | Swamp:1  | Lost mutation: Your magical capacity is low. (-10% MP)
                  | [potion of mutation]
 41508 | Swamp:1  | Lost mutation: Your muscles are strong. (Str +2) [potion of
                  | mutation]
 41508 | Swamp:1  | Gained mutation: You occasionally shout uncontrollably at
                  | your foes. [potion of mutation]
 41508 | Swamp:1  | Gained mutation: You have sharp toenails. [potion of
                  | mutation]
 41508 | Swamp:1  | Gained mutation: You are frail. (-10% HP) [potion of
                  | mutation]
 41508 | Swamp:1  | Gained mutation: You evolve. [potion of mutation]
 41602 | Swamp:1  | Reached skill level 15 in Fire Magic
 41661 | Swamp:1  | Found a transporter.
 42355 | Swamp:1  | Noticed a tentacled monstrosity
 42358 | Swamp:1  | Killed a tentacled monstrosity
 42756 | Swamp:1  | Found a transporter.
 42770 | Swamp:1  | Reached XP level 20. HP: 111/111 MP: 35/36
 42945 | Swamp:1  | Got an ancient amber ring
 42946 | Swamp:1  | Identified the ring of the Marlin {Fire rPois rN+++ Int-5
                  | SInv} (You found it on level 1 of the Swamp)
 42968 | Swamp:1  | Identified the Papyrus of Igneous Good Luck
 42975 | Swamp:1  | Got a scorched silver amulet
 42976 | Swamp:1  | Identified the amulet "Fuggajef" {Faith rPois Dex+7 Slay-6
                  | SInv} (You found it on level 1 of the Swamp)
 43340 | Swamp:2  | Noticed Frances
 43345 | Swamp:2  | Killed Frances
 44077 | Swamp:3  | Identified Roxanne's Tome of Transmigration
 44077 | Swamp:3  | Noticed Roxanne
 44081 | Swamp:3  | Killed Roxanne
 44186 | Swamp:3  | Noticed Bai Suzhen
 44190 | Swamp:3  | Killed Bai Suzhen
 44602 | Swamp:4  | Entered Level 4 of the Swamp
 45081 | Swamp:4  | Got a decaying rune of Zot
 45911 | Vaults:1 | Entered Level 1 of the Vaults
 46907 | Vaults:1 | Gained mutation: Your natural rate of healing is unusually
                  | fast. [evolution]
 46910 | Vaults:1 | Reached skill level 15 in Conjurations
 46931 | Vaults:1 | Found a runed translucent door.
 46931 | Vaults:1 | Noticed Esiny's ghost (adept HuFi)
 47048 | Vaults:1 | Reached XP level 21. HP: 48/117 MP: 38/38
 47766 | Vaults:2 | You are sucked into a shaft and drop 2 floors!
 47959 | Vaults:4 | Identified the +1 pair of gloves of the Tired Curses
                  | {+Blink Int+3} (You found it on level 4 of the Vaults)
 48120 | Vaults:4 | Found Lidongih's Gadget Shop.
 48811 | Vaults:3 | Learned a level 9 spell: Fire Storm
 48821 | Vaults:3 | Noticed Mennas
 48841 | Vaults:3 | Killed Mennas
 49319 | Vaults:2 | Identified the Collected Works on Confrontation and Dark
                  | Rituals
 49324 | Vaults:2 | Found a staircase to the Crypt.
 49683 | Vaults:2 | Identified a scroll of acquirement
 49683 | Vaults:2 | Identified the ring of the Postmodern Lovers {rElec rC+}
                  | (You acquired it on level 2 of the Vaults)
 49771 | Vaults:2 | Found Durhett's Distillery.
 49777 | Vaults:2 | Bought a potion of mutation for 168 gold pieces
 49777 | Vaults:2 | Bought a potion of brilliance for 84 gold pieces
 49777 | Vaults:2 | Bought a potion of haste for 210 gold pieces
 49777 | Vaults:2 | Bought a potion of invisibility for 168 gold pieces
 49777 | Vaults:2 | Bought a potion of invisibility for 168 gold pieces
 49777 | Vaults:2 | Bought a potion of curing for 63 gold pieces
 49777 | Vaults:2 | Bought a potion of might for 84 gold pieces
 49777 | Vaults:2 | Bought a potion of agility for 84 gold pieces
 49777 | Vaults:2 | Bought a potion of heal wounds for 105 gold pieces
 49777 | Vaults:2 | Bought a potion of curing for 63 gold pieces
 49777 | Vaults:2 | Bought a potion of resistance for 210 gold pieces
 49890 | Vaults:2 | Paralysed by a great orb of eyes for 4 turns
 50446 | Vaults:3 | Found a portal to a secret trove of treasure.
 50976 | Vaults:3 | Reached XP level 22. HP: 124/124 MP: 21/39
 51520 | Vaults:4 | Gained mutation: Your magical capacity is low. (-10% MP)
                  | [evolution]
 51522 | Vaults:4 | Lost mutation: You are frail. (-10% HP) [potion of
                  | mutation]
 51522 | Vaults:4 | Lost mutation: You occasionally shout uncontrollably at
                  | your foes. [potion of mutation]
 51522 | Vaults:4 | Gained mutation: You are frail. (-10% HP) [potion of
                  | mutation]
 51522 | Vaults:4 | Gained mutation: You possess an exceptional clarity of
                  | mind. [potion of mutation]
 52122 | Vaults:4 | Learned a level 9 spell: Shatter
 52182 | Vaults:5 | Entered Level 5 of the Vaults
 52332 | Vaults:5 | Reached skill level 15 in Fighting
 52337 | Vaults:5 | Reached XP level 23. HP: 59/129 MP: 35/37
 52340 | Vaults:5 | Noticed a golden dragon
 52348 | Vaults:5 | Killed a golden dragon
 52656 | Vaults:5 | Identified the amulet of Haithrud {Reflect MR+ Str+4 SH+3
                  | Stlth+}
 52661 | Vaults:5 | Noticed an ancient lich
 52666 | Vaults:5 | Noticed an ancient lich
 52676 | Vaults:5 | Killed an ancient lich
 52677 | Vaults:5 | Killed an ancient lich
 52677 | Vaults:5 | Noticed a golden dragon
 52678 | Vaults:5 | Identified the amulet "Doatoeck" {Harm *Drain rC- SInv
                  | Stlth+}
 52712 | Vaults:5 | Killed a golden dragon
 52715 | Vaults:5 | Killed from afar by a frost giant

Levels and vault maps discovered:
D:1:      lightli_arrival_windingriver, layout_loops_ring, nrook_uturn
D:2:      wad_pebble_path, layout_basic, uniq_robin
D:3:      layout_loops_ring
D:4:      layout_basic, minmay_temple_entry_from_below_a, uniq_ijyb
D:5:      layout_basic, serial_shops, nicolae_shop_crystal, first_ration,
          chequers_avenue, chequers_hall_statues_corner_a,
          minmay_misc_feat_plants
D:6:      kennysheep_six_static_rooms, layout_cave_pods, trog_ov_bears_minmay,
          serial_column_ruins, column_ruins_columns_straight,
          column_ruins_open_tiny, column_ruins_open_tiny,
          column_ruins_columns_straight, column_ruins_corridor_corner
D:7:      layout_loops_ring, hangedman_abyss_or_decor_slice
D:8:      layout_loops_cross, grunt_ogre_cave, uniq_prince_ribbit1, uniq_harold,
          uniq_maurice
D:9:      layout_basic, hiddenorc2_lemuel, guppyfry_early_elven_hall
D:10:     layout_stronghold
D:11:     layout_long_grid, lair_entry_dummy, roderic_batcave, minivault_28
D:12:     layout_loops_cross, serial_shops, shop
D:13:     layout_roguey, skrybe_vaults_entry_preservation, serial_shops,
          nicolae_shop_trees
D:14:     layout_roguey, special_room [special_room_mythical_zoo],
          roderic_roman_lattice, grunt_potential
D:15:     grunt_enter_depths_snipers, layout_long_grid, minmay_misc_feat_roman,
          serial_shops, nicolae_shop_behind_doors
Temple:   grunt_wide_crystal_templ
Lair:1:   layout_chaotic_city, basic_altar, grunt_megastairs_3, uniq_fannar
Lair:2:   layout_small_grid, chequers_serial_rivers_small_3
Lair:3:   dpeg_oklob_gauntlet, layout_chaotic_city, minmay_swamp_entry_reptiles,
          spider_nest_entry_web_field, minivault_19
Lair:4:   beast_lair_carwin_large_3, layout_cave_pods, st_stairs_6, uniq_maggie
Lair:5:   layout_layer_cave, minmay_hedge_maze,
          eino_small_chamber_without_monster, lemuel_fruit_fields,
          lemuel_fruit_tree
Lair:6:   minmay_lair_end_enchanted_forest, layout_layer_cave,
          nicolae_slime_entry_slimehenge
Swamp:1:  gammafunk_its_a_trap, layout_falls_marsh, infiniplex_staircase_pool_2,
          swamp_pool4
Swamp:2:  layout_falls_marsh, nicolae_swamp_stair_fork, uniq_frances
Swamp:3:  layout_basic_swamp, hangedman_swamp_ruin_wall, uniq_bai_suzhen,
          uniq_roxanne
Swamp:4:  swamp_alternative, layout_basic_swamp, swamp_pool1,
          nicolae_swamp_alligator_family
Spider:1: layout_spider_delve, drop_trap, uniq_aizul
Spider:2: layout_spider_delve, gammafunk_ghost_abyssal_escape
Spider:3: layout_spider_delve, uniq_jorgrun, uniq_mara
Spider:4: grunt_spider_rune_island, hangedman_stitches_earthworm
Orc:1:    layout_caves, basic_altar, mines2_lemuel
Orc:2:    st_orc_open, layout_caves, serial_shops, shop, special_room,
          gauntlet_entry_generic, ebering_ghost_gozag
Elf:1:    elf_arrival_002, layout_geoelf_diagonals, minmay_elf_demonology
Elf:2:    layout_loops_cross, gammafunk_ghost_cemetery, drop_trap,
          serial_sigils_hangedman_carve
Elf:3:    grunt_elf_hall_diamonds, layout_geoelf_grid, serial_shops, shop
Vaults:1: gammafunk_vaults_ghost_grave, ontoclasm_vaults_decontamination,
          grunt_vaults_diagonal, ontoclasm_vaults_chip, hangedman_vaults_pinch,
          ontoclasm_vaults_gallery, grunt_vaults_hallway_short,
          ontoclasm_vaults_shuriken, hangedman_vaults_hat, vaults_dpeg_diagonal,
          layout_vaults_omnigrid
Vaults:2: ontoclasm_vaults_spin, nicolae_vaults_yaktaur_gun_rack,
          vaults_room_boxed, v_misc_12, minmay_crypt_entry_simple_statues,
          vaults_room_hallway, nicolae_vaults_disjoint_gnomons, v_misc_15,
          vaults_room_pools, ontoclasm_vaults_ring_small,
          nicolae_vaults_display_case, grunt_vaults_focal,
          nicolae_vaults_ring_of_whatevers, v_misc_25, layout_vaults_omnibox,
          serial_shops, nicolae_shop_waterfront
Vaults:3: nicolae_vaults_little_squares_3, v_rooms_4, v_pattern_3,
          ontoclasm_vaults_water_temple, nicolae_vaults_theta,
          hangedman_vaults_stitches, nicolae_vaults_rhombus_7,
          vaults_room_stairs_pillars, dpeg_vaults_monster_box,
          vaults_room_fours, grunt_vaults_bifocal, v_misc_2, v_misc_19,
          nicolae_vaults_rhombus_5, layout_vaults_maze_snakey,
          nicolae_trove_entry_crossroad, uniq_mennas
Vaults:4: grunt_vaults_swirl, hangedman_vaults_slither,
          nicolae_vaults_ring_of_whatevers, hangedman_vaults_restitches,
          nicolae_vaults_circle_grid_b, ontoclasm_vaults_ligature,
          vaults_dpeg_encased_lava, vaults_mumra_lcd,
          nicolae_vaults_circle_grid_a, vaults_dpeg_ring,
          layout_vaults_chaotic_city, serial_shops, shop_coins
Vaults:5: uniq_margery

Skill      XL: |  1  2  3  4  5  6  7  8  9 10 11 12 13 14 15 16 17 18 19 20 21 22 23 |
---------------+----------------------------------------------------------------------+-----
Earth Magic    | 4 5 6 7 8 9 10 11 12 13 14 15 16 17 18 | 18.3
Conjurations   | 1 2 3 5 6 7 8 9 10 11 12 13 14 15 16 | 16.5
Spellcasting   | 3 4 5 6 7 8 9 10 11 12 13 14 | 14.5
Fighting       | 3 4 6 7 8 9 10 11 12 13 14 15 | 15.5
Armour         | 3 4 5 6 |  6.0
Long Blades    | 2 3 4 5 6 7 8 9 10 11 12 13 | 13.3
Dodging        | 2 3 4 5 6 7 8 9 10 11 12 | 12.4
Evocations     | 2 3 4 5 6 |  6.0
Fire Magic     | 4 6 8 10 11 13 14 15 16 17 18 | 18.4
Stealth        | |  2.1
Transmutations | |  0.7

Action                   |  1- 3 |  4- 6 |  7- 9 | 10-12 | 13-15 | 16-18 | 19-21 | 22-24 || total
-------------------------+-------+-------+-------+-------+-------+-------+-------+-------++-------
Melee: Club              |    28 |       |       |       |       |       |       |       ||    28
       Short sword       |   100 |       |       |       |       |       |       |       ||   100
       Falchion          |       |    94 |   180 |   468 |   836 |   253 |   201 |       ||  2032
       Scimitar          |       |       |       |       |       |    62 |   217 |       ||   279
       Staff             |       |       |       |       |       |    94 |    20 |       ||   114
       Eudemon blade     |       |       |       |       |       |       |    57 |    74 ||   131
 Cast: Sandblast         |    18 |    32 |    53 |   173 |   325 |   102 |    27 |     1 ||   731
       Stone Arrow       |       |     1 |     4 |    19 |     5 |       |       |       ||    29
       Lee's Rapid Decon |       |       |     5 |    31 |    54 |   126 |    59 |     8 ||   283
       Bolt of Magma     |       |       |       |       |    42 |     4 |       |       ||    46
       Iron Shot         |       |       |       |       |    25 |   129 |   225 |    33 ||   412
       Fireball          |       |       |       |       |     5 |    52 |    28 |       ||    85
       Starburst         |       |       |       |       |       |     3 |     7 |       ||    10
       Ignition          |       |       |       |       |       |    18 |    75 |    14 ||   107
       Fire Storm        |       |       |       |       |       |       |     3 |     3 ||     6
       Shatter           |       |       |       |       |       |       |       |    33 ||    33
 Abil: Fly               |       |       |       |       |     1 |       |       |       ||     1
       Evoke Invisibilit |       |       |       |       |       |       |     3 |       ||     3
Evoke: Wand              |       |       |       |     2 |     5 |     7 |     4 |       ||    18
       Lightning rod     |       |       |       |       |     2 |    15 |       |       ||    17
       Phial of floods   |       |       |       |       |       |     3 |       |       ||     3
       Phantom mirror    |       |       |       |       |       |     1 |       |       ||     1
       Fan of gales      |       |       |       |       |       |     1 |       |       ||     1
  Use: Scroll            |    10 |     3 |    10 |     5 |    14 |    16 |    17 |     3 ||    78
       Potion            |       |     1 |     2 |     4 |     8 |    25 |     9 |    10 ||    59
 Stab: Sleeping          |       |     2 |       |     1 |     5 |       |     1 |       ||     9
       Invisible         |       |       |       |       |     2 |       |       |       ||     2
       Distracted        |       |       |       |       |       |     2 |       |       ||     2
       Confused          |       |       |       |       |       |       |     2 |       ||     2
  Eat: Chunk             |     3 |     6 |    15 |    26 |    45 |    17 |    48 |     7 ||   167
       Ration            |       |       |       |     1 |     6 |    17 |    11 |     6 ||    41
Armor: Robe              |    41 |    53 |   120 |   321 |   622 |   372 |   417 |    61 ||  2007
Dodge: Dodged            |    83 |    64 |   173 |   458 |   885 |   513 |   601 |    94 ||  2871
       Rpst.: Falchion   |       |    20 |    56 |   108 |   231 |    68 |    51 |       ||   534
       Scimitar          |       |       |       |       |       |     7 |    52 |       ||    59
       Eudemon blade     |       |       |       |       |       |       |     6 |    12 ||    18

Table legend:
 A = Non-vault XP
 B = Vault XP
 C = Vault XP percentage of total XP
 D = Non-vault monster count
 E = Vault monster count
 F = Vault count percentage of total count
                 A         B        C        D         E       F
            +---------+---------+-------+---------+---------+-------
      Total |  411819 |  386820 |  48.4 |    1188 |     585 |  33.0
            +---------+---------+-------+---------+---------+-------
        D:1 |      44 |       0 |   0.0 |      27 |       0 |   0.0
        D:2 |      40 |      35 |  46.7 |      15 |      12 |  44.4
        D:3 |     234 |       0 |   0.0 |      14 |       0 |   0.0
        D:4 |     313 |      39 |  11.1 |      14 |       1 |   6.7
        D:5 |     242 |       0 |   0.0 |      10 |       0 |   0.0
        D:6 |     361 |     503 |  58.2 |      13 |       6 |  31.6
        D:7 |    1566 |       0 |   0.0 |      28 |       0 |   0.0
        D:8 |     975 |    1826 |  65.2 |      16 |       4 |  20.0
        D:9 |    3177 |     893 |  21.9 |      51 |      33 |  39.3
       D:10 |    3163 |       0 |   0.0 |      31 |       0 |   0.0
       D:11 |    1215 |    3782 |  75.7 |      10 |      20 |  66.7
       D:12 |    6120 |       0 |   0.0 |      47 |       0 |   0.0
       D:13 |    5432 |    3819 |  41.3 |      37 |       9 |  19.6
       D:14 |   12782 |   11632 |  47.6 |      41 |      45 |  52.3
       D:15 |   14745 |    2262 |  13.3 |      45 |       3 |   6.2
     Lair:1 |    5813 |    2134 |  26.9 |      19 |       5 |  20.8
     Lair:2 |    3489 |       0 |   0.0 |      15 |       0 |   0.0
     Lair:3 |    4700 |    1682 |  26.4 |      15 |       6 |  28.6
     Lair:4 |    4942 |    5571 |  53.0 |      23 |      13 |  36.1
     Lair:5 |    3721 |       0 |   0.0 |      11 |       0 |   0.0
     Lair:6 |   14522 |    8312 |  36.4 |      47 |      51 |  52.0
    Swamp:1 |   11263 |    4660 |  29.3 |      25 |       5 |  16.7
    Swamp:2 |    6694 |    2306 |  25.6 |      19 |       1 |   5.0
    Swamp:3 |   10447 |    6792 |  39.4 |      23 |       2 |   8.0
    Swamp:4 |   14882 |   19478 |  56.7 |      27 |      29 |  51.8
   Spider:1 |    6600 |    1640 |  19.9 |      19 |       1 |   5.0
   Spider:2 |   11654 |       0 |   0.0 |      38 |       0 |   0.0
   Spider:3 |   14455 |   12189 |  45.7 |      44 |       3 |   6.4
   Spider:4 |   27693 |   29868 |  51.9 |      71 |      54 |  43.2
      Orc:1 |    2709 |       0 |   0.0 |      21 |       0 |   0.0
      Orc:2 |    3743 |   17292 |  82.2 |      24 |      40 |  62.5
      Elf:1 |   22974 |    6863 |  23.0 |      37 |      11 |  22.9
      Elf:2 |   21459 |    7765 |  26.6 |      38 |       5 |  11.6
      Elf:3 |   17232 |   34854 |  66.9 |      23 |      24 |  51.1
   Vaults:1 |   21857 |   13079 |  37.4 |      40 |      20 |  33.3
   Vaults:2 |   18046 |   18818 |  51.0 |      32 |      28 |  46.7
   Vaults:3 |   16617 |   36355 |  68.6 |      32 |      46 |  59.0
   Vaults:4 |   29867 |    8969 |  23.1 |      48 |      19 |  28.4
   Vaults:5 |   52703 |  119681 |  69.4 |      71 |      80 |  53.0
    Abyss:2 |   13328 |       0 |   0.0 |      27 |       0 |   0.0
   Gauntlet |       0 |    3721 | 100.0 |       0 |       9 | 100.0
            +---------+---------+-------+---------+---------+-------
